 Dungeon Crawl Stone Soup version 0.30-a0-918-g0ff054e9dc (webtiles) character file.

Game seed: 15087358407022310997

59441 holysushi the Convoker (level 14, -8/61 (63) HPs)
             Began as a Felid Summoner on Mar 21, 2023.
             Was the Champion of Ru.
             Mangled by a sixfirhy (9 damage)
             ... summoned by an orc sorcerer
             ... on level 2 of the Orcish Mines.
             The game lasted 01:14:36 (29402 turns).

holysushi the Convoker (Felid Summoner)            Turns: 29402, Time: 01:14:37

HP:   -8/61 (63)    AC:  3    Str:  4    XL:     14   Next: 53%
MP:   16/27         EV: 28    Int: 30    God:    Ru [******]
Gold: 1583          SH:  0    Dex: 17    Spells: 5/30 levels left
                                        Lives: 0   Deaths: 3

rFire   . . .      SeeInvis +      - Unarmed
rCold   + . .      Faith    .    (shield unavailable)
rNeg    . . .      Spirit   .    (body armour unavailable)
rPois   .          Reflect  .    (helmet unavailable)
rElec   .          Rampage  .    (cloak unavailable)
rCorr   .                        (gloves unavailable)
Will    ++...                    (boots unavailable)
Stlth   +++++++                  Q - amulet of magic regeneration
HPRegen 0.30/turn                (ring unavailable)
MPRegen 0.60/turn                d - +6 ring of intelligence

@: lightly drained, unable to read, unable to drink, quick
A: very small, claws 1, fangs 3, see invisible, speed 1, shaggy fur 3, inability
to drink after injury 2, inability to read after injury 2, missing a hand,
stealthy paws, missing an eye, no weapons or thrown items, no armour,
multi-lived
a: Renounce Religion, Draw Out Power, Power Leap, Apocalypse


You were on level 2 of the Orcish Mines.
You worshipped Ru.
Ru was exalted by your worship.
You visited 4 branches of the dungeon, and saw 22 of its levels.
You also visited: Bailey.

You collected 2198 gold pieces.
You spent 615 gold pieces at shops.

Inventory:

Jewellery
 d - a +6 ring of intelligence (right paw)
 z - a +5 ring of evasion
 F - the ring of the Enemy {Fly rPois rN+ Will+ Stlth-}
   (You found it on level 5 of the Lair of Beasts)

   [ring of poison resistance]

   rPois:     It protects you from poison.
   rN:        It protects you from negative energy.
   Fly:       It grants you flight.
   Will:      It increases your willpower.
   Stlth:     It makes you less stealthy.
 K - a ring of resist corrosion
 N - a ring of wizardry
 O - the ring of Morality {rF+ rC+++ AC+4 Dex-4 SInv}
   (You found it on level 10 of the Dungeon)

   [ring of protection]

   AC:        It affects your AC (+4).
   Dex:       It affects your dexterity (-4).
   rF:        It protects you from fire.
   rC:        It renders you almost immune to cold.
   SInv:      It lets you see invisible.
 Q - an amulet of magic regeneration (around neck)
Wands
 p - a wand of flame (8)
 q - a wand of digging (15)
 w - a wand of quicksilver (11)
 y - a wand of charming (23)
 D - a wand of roots (15)
Scrolls
 a - 3 scrolls of blinking
 b - 4 scrolls of brand weapon
 c - 4 scrolls of noise
 k - 11 scrolls of identify
 l - 5 scrolls of immolation
 m - 10 scrolls of teleportation
 v - 3 scrolls of magic mapping
 x - 2 scrolls of fog
 C - 2 scrolls of fear {unknown}
 H - a scroll of silence
 M - 2 scrolls of amnesia
Potions
 f - 3 potions of flight
 g - 11 potions of curing
 h - a potion of might
 i - 7 potions of attraction
 j - 5 potions of degeneration
 o - 5 potions of lignification
 r - 2 potions of cancellation
 t - 5 potions of heal wounds
 u - 7 potions of mutation
 A - 3 potions of ambrosia {unknown}
 G - a potion of brilliance {unknown}
 L - a potion of resistance {unknown}
 R - 2 potions of haste
Miscellaneous
 I - a phial of floods
 J - a tin of tremorstones (2/2)


   Skills:
 + Level 8.5 Fighting
 - Level 15.0 Dodging
 - Level 18.0 Stealth
 - Level 10.0 Unarmed Combat
 - Level 8.9 Spellcasting
 - Level 18.2 Summonings
 - Level 2.0 Air Magic
 - Level 2.0 Evocations


You had 5 spell levels left.
You knew the following spells:

 Your Spells              Type           Power      Damage    Failure   Level
a - Summon Cactus Giant   Summ           44%        N/A       1%          6
b - Call Imp              Summ           89%        N/A       0%          2
c - Call Canine Familiar  Summ           89%        N/A       0%          3
d - Summon Lightning Spi  Summ/Air       65%        N/A       1%          4
e - Summon Small Mammal   Summ           100%       N/A       0%          1
f - Dragon's Call         Summ           44%        N/A       92%         9

Your spell library contained the following spells:

 Spells                   Type           Power      Damage    Failure   Level
 Summon Guardian Golem    Hex/Summ       61%        N/A       1%          3
 Foxfire                  Conj/Fire      52%        2x1d6     4%          1
 Kiss of Death            Conj/Necr      52%        2d9       4%          1
 Magic Dart               Conj           52%        1d5       4%          1
 Sting                    Tmut/Pois      52%        1d5       4%          1
 Poisonous Vapours        Pois/Air       38%        N/A       4%          2
 Scorch                   Fire           26%        2d6       6%          2
 Mephitic Cloud           Conj/Pois/Air  17%        N/A       9%          3
 Confusing Touch          Hex            13%        N/A       12%         3
 Dazzling Flash           Conj/Hex       26%        N/A       12%         3
 Hailstorm                Conj/Ice       13%        3d5       12%         3
 Inner Flame              Hex/Fire       13%        N/A       12%         3
 Tukima's Dance           Hex            13%        N/A       12%         3
 Cause Fear               Hex            6%         N/A       36%         4
 Dispel Undead            Necr           13%        3d9       36%         4
 Flame Wave               Conj/Fire      13%        2d6       36%         4
 Ice Form                 Ice/Tmut       13%        N/A       36%         4
 Iskenderun's Mystic Bla  Conj/Tloc      13%        2d5       36%         4
 Leda's Liquefaction      Hex/Erth       6%         N/A       36%         4
 Olgreb's Toxic Radiance  Pois           13%        N/A       36%         4
 Freezing Cloud           Conj/Ice/Air   8%         6-21      63%         5
 Fireball                 Conj/Fire      6%         3d5       73%         5
 Lee's Rapid Deconstruct  Erth           6%         3d6*      73%         5
 Simulacrum               Ice/Necr       6%         N/A       99%         6
 Starburst                Conj/Fire      6%         6d4       99%         6
 Statue Form              Tmut/Erth      8%         N/A       99%         6
 Dragon Form              Tmut           6%         N/A       100%        7
 Borgnjor's Revivificati  Necr           6%         N/A       100%        8
 Discord                  Hex            6%         N/A       100%        8
 Necromutation            Tmut/Necr      6%         N/A       100%        8
 Death's Door             Necr           6%         N/A       100%        9
 Polar Vortex             Ice            6%         N/A       100%        9
 Portal Projectile        Hex/Tloc       Unusable   N/A       N/A         3

Dungeon Overview and Level Annotations

Branches:
Dungeon (14/15) Zot: 26906  Temple (1/1) D:4 Zot: 5935    Lair (5/5) D:9 Zot: 22886
 Shoals (0/4) Lair:3        Snake (0/4) Lair:3        Slime (0/5) Lair:4
    Orc (2/2) D:12 Zot: 9378     Elf (0/3) Orc:2        Vaults (0/5) D:13
 Bailey (visited)

Altars:
Ashenzari
Cheibriados
Dithmenos
Elyvilon
Fedhas
Gozag
Hepliaklqana
Kikubaaqudgha
Makhleb
Nemelex Xobeh
Okawaru
Qazlal
Ru
Sif Muna
Trog
Uskayaw
Vehumet
Wu Jian
Xom
Yredelemnul
Zin
The Shining One

Shops:
D:2 =   D:4 *   Orc:2 ?**

Annotations:
D:12 2 transporters, 1 runed translucent door, epsilonplus's ghost, journeyman HuFi
Lair:4 exclusion: 2 oklob plants


Innate Abilities, Weirdness & Mutations

You have sharp claws.
You have razor-sharp teeth.
You have supernaturally acute eyesight. (SInv)
You cover ground quickly. (Speed+)
Your thick and shaggy fur keeps you warm. (AC +3, rC+)
You sometimes lose the ability to drink potions when taking damage.
You sometimes lose the ability to read scrolls when taking damage.
You are missing a hand.
Your paws help you pounce on unaware monsters.
You are missing an eye, making it more difficult to aim.
You are incapable of wielding weapons or throwing items.
You cannot wear armour.
You gain extra lives every three experience levels.


Message History

The bolt of electricity hits the soul eater.
The bolt of electricity hits the soul eater!!
The bolt of electricity hits your lightning spire.
Your lightning spire completely resists.
The bolt of electricity hits your lightning spire.
Your lightning spire completely resists.
Things that are here:
a +0 dagger; a +0 robe Your lightning spire disappears in a puff of smoke!
The soul eater begins to attack, but is stunned by your conviction!
Items here: ( ))) [[[.
The orc sorcerer begins to cast a spell, but is stunned by your conviction!
The soul eater disappears in a puff of smoke!
Items here: ( )))) [[[.
Things that are here:
a +0 flail; 3 boomerangs
Things that are here:
a +0 flail; a +0 leather armour; a +0 flail You start resting.
An orc sorcerer is nearby!
Casting: Summon Cactus Giant (dangerous; 1% risk of failure)
Confirm with . or Enter, or press ? or * to list all spells.
The orc sorcerer casts a spell.
Casting: Call Canine Familiar (safe; 0% risk of failure)
Confirm with . or Enter, or press ? or * to list all spells.
Your cactus giant disappears in a puff of smoke!
The orc sorcerer hits you with a +0 dagger!
You feel threatened and lose the ability to read scrolls!
You feel threatened and lose the ability to drink potions!
Your warg misses the sixfirhy. The sixfirhy hits you! The sixfirhy shocks you!
Things that are here:
a +0 flail; a +0 leather armour; a +0 flail
Casting: Summon Cactus Giant (dangerous; 1% risk of failure)
Confirm with . or Enter, or press ? or * to list all spells.
An electric hum fills the air.
The sixfirhy hits you. The sixfirhy shocks you!
* * * LOW HITPOINT WARNING * * *
The sixfirhy completely misses you. The sixfirhy hits you!
* * * LOW HITPOINT WARNING * * *
The sixfirhy shocks you!
You die...

###.###∩.#.)..)## #o).....
####....)#..## ##C#....
#####.###∩.#.....## #.÷.....
.##....###...#)..)## #..##.#.#
........###...)#...## #..##o).##
.........###))§.....##..6##.C.###
..........###.8###...##.##3..###.
#......#...###.o###.§.###...####.
............###3@###.)o#...###...
.#...........###h.###.#)#.###....
.....)........###..###)).###.....
...).)[........###.C###.###.....#
)...............###))#####......#
.................###))###........
....(..[..........##...#.........
.......[..........)))............
....................)............


You could see a sixfirhy (summoned), an orc sorcerer (ally target), a friendly
cactus giant (summoned), a friendly warg (summoned) and a friendly lightning
spire (summoned).

Vanquished Creatures
  An orc warlord (Orc:2)
  A centaur warrior (D:13)
  A boulder beetle (D:12)
  A catoblepas (Lair:5)
  A two-headed ogre (D:9)
  A death yak (Lair:5)
  A soul eater (Orc:2)
  A sun demon (Orc:2)
  Sonja (Orc:2)
  A necromancer (D:13)
  A lindwurm (Lair:5)
  An orc knight (Orc:2)
  2 cyclopes
  An elephant (Lair:4)
  3 manticores
  A torpor snail (Lair:2)
  5 cane toads
  3 komodo dragons
  A rime drake (Lair:2)
  2 efreet
  A freezing wraith (D:14)
  A polar bear (Lair:5)
  2 trolls
  3 blink frogs
  8 yaks
  A hog (Lair:3)
  A steam dragon (D:9)
  9 humans
  A vampire mosquito (D:10)
  An acid dragon (D:10)
  2 water moccasins
  6 orc warriors
  A black bear (D:9)
  3 wolves (Lair:2)
  A centaur (D:9)
  A kobold brigand (D:8)
  8 bullfrogs
  A gnoll sergeant (D:10)
  5 howler monkeys
  An orc priest (D:9)
  A hound (D:6)
  A jelly (D:7)
  An iguana (D:5)
  3 orc wizards
  An adder (D:2)
  2 gnolls (Bailey)
  A white imp (D:5)
  An ufetubus (D:5)
  A dart slug (D:1)
  5 orcs
  A ball python (D:1)
  3 giant cockroaches
  2 goblins
  A hobgoblin (D:2)
  4 kobolds (D:8)
  A quokka (D:2)
  A rat (D:3)
117 creatures vanquished.

Vanquished Creatures (collateral kills)
  Kirke (Lair:3)
  An orc warlord (Orc:2)
  5 vault guards
  2 hydras
  2 demonspawn (Orc:2)
  5 centaur warriors
  A boulder beetle (D:14)
  4 two-headed ogres
  3 catoblepae (Lair:5)
  3 orc high priests (Orc:2)
  5 death yaks (Lair:5)
  A flayed ghost (D:14)
  A lindwurm (shapeshifter) (D:13)
  4 lindwurms (Lair:5)
  2 wizards (D:13)
  2 necromancers (D:13)
  4 orc knights
  8 orc sorcerers (Orc:2)
  7 manticores
  4 ugly things
  4 cyclopes
  A shining eye (shapeshifter) (D:9)
  A cyclops (shapeshifter) (D:14)
  2 oklob plants (Lair:4)
  7 elephants
  2 rust devils (Orc:2)
  4 black mambas
  4 gargoyles
  An unseen horror (D:11)
  8 cane toads
  2 kobold demonologists
  2 rime drakes
  A tengu conjurer (D:13)
  A freezing wraith (D:14)
  A yaktaur (D:13)
  An ice devil (D:10)
  A red devil (D:10)
  2 komodo dragons (Lair:1)
  A queen bee (shapeshifter) (D:10)
  A polar bear (Lair:1)
  7 trolls
  A hellwing (D:10)
  Grinder (D:5)
  3 meliai (D:14)
  5 blink frogs
  Prince Ribbit (Bailey)
  11 dream sheep (Lair:5)
  4 slime creatures (D:14)
  2 wraiths
  2 ynoxinuls
  5 wyverns
  69 yaks
  3 basilisks
  2 hogs (Lair:3)
  14 humans
  A chaos spawn (D:10)
  11 vampire mosquitoes
  2 steam dragons
  A neqoxec (D:10)
  An acid dragon (D:9)
  3 wargs (Orc:2)
  9 water moccasins
  3 floating eyes (D:9)
  43 orc warriors
  3 black bears
  2 ice beasts (D:7)
  A sky beast (D:8)
  8 ogres
  10 wolves
  2 phantoms (D:5)
  14 centaurs
  A kobold brigand (D:10)
  16 bullfrogs
  A gnoll sergeant (D:6)
  A scorpion (D:6)
  A wight (D:9)
  A howler monkey (D:6)
  2 electric eels
  A nameless horror (D:9)
  4 quasits (D:10)
  3 jellies
  A gnoll bouda (D:10)
  28 orc priests
  A hound (D:7)
  Ijyb (D:5)
  3 sleepcaps
  Crazy Yiuf (D:7)
  An iguana (D:6)
  8 orc wizards
  12 gnolls
  4 adders
  An ufetubus (D:6)
  A dart slug (D:1)
  80 orcs
  3 ball pythons
  5 endoplasms
  3 giant cockroaches
  16 goblins
  8 hobgoblins
  6 kobolds
  2 quokkas
  2 bats (D:1)
  A frilled lizard (D:2)
  A rat (D:1)
576 creatures vanquished.

Vanquished Creatures (others)
  An orc high priest (Orc:2)
  A shadow (D:10)
  A centaur (Lair:3)
  A wolf (Lair:1)
  A kobold brigand (D:9)
  An orc wizard (Orc:2)
  An orc (D:11)
  A demonic plant (D:10)
  48 fungi
  58 plants
114 creatures vanquished.

Grand Total: 807 creatures vanquished

Notes
Turn   | Place    | Note
-------+----------+-------------------------------------------
     0 | D:1      | holysushi the Felid Summoner began the quest for the Orb.
     0 | D:1      | Reached XP level 1. HP: 7/7 MP: 4/4
   186 | D:1      | Reached skill level 1 in Unarmed Combat
   186 | D:1      | Reached XP level 2. HP: 11/11 MP: 4/6
   575 | D:1      | Learned a level 2 spell: Call Imp
   805 | D:1      | Reached XP level 3. HP: 14/14 MP: 5/7
  1512 | D:2      | Found Oseihap's Jewellery Boutique.
  2181 | D:3      | Reached XP level 4. HP: 16/18 MP: 1/8
  2185 | D:3      | Reached skill level 5 in Summonings
  2195 | D:3      | Learned a level 3 spell: Call Canine Familiar
  2913 | D:3      | Found a shadowy altar of Dithmenos.
  2915 | D:3      | Found a blossoming altar of Fedhas.
  3188 | D:3      | Found the +7 staff of the Meek {protect, meekguard}
  3417 | D:4      | Reached XP level 5. HP: 19/21 MP: 4/9
  3499 | D:4      | Found Zychamam's Gadget Gallery.
  3660 | D:4      | Found a staircase to the Ecumenical Temple.
  3715 | D:4      | Noticed an ogre
  3748 | Temple   | Entered the Ecumenical Temple
  3818 | Temple   | Became a worshipper of Ru the Awakened
  3931 | D:4      | Killed an ogre
  4100 | D:4      | Noticed an ogre
  4118 | D:4      | Killed an ogre
  4119 | D:4      | Gained mutation: You are covered in thick fur. (AC +2)
                  | [Felid growth]
  4119 | D:4      | Reached XP level 6. HP: 25/25 MP: 5/10
  4182 | D:4      | Reached skill level 1 in Fighting
  4529 | D:5      | Entered Level 5 of the Dungeon
  4530 | D:5      | Noticed Grinder
  4574 | D:5      | Paralysed by Grinder for 5 turns
  4688 | D:5      | Paralysed by Grinder for 2 turns
  4701 | D:5      | Killed Grinder
  4702 | D:5      | Reached XP level 7. HP: 29/29 MP: 1/11
  5099 | D:5      | Noticed Ijyb
  5119 | D:5      | Killed Ijyb
  5138 | D:5      | Learned a level 4 spell: Summon Lightning Spire
  5259 | D:5      | Identified the +1 robe of Death Resistance {rPois}
  5279 | D:5      | Reached skill level 5 in Stealth
  5400 | D:5      | Reached skill level 1 in Evocations
  5510 | D:6      | Reached skill level 1 in Air Magic
  5624 | D:6      | Gained mutation: You are missing an eye, making it more
                  | difficult to aim. [Ru sacrifice]
  5624 | D:6      | Reached * piety under Ru
  5733 | D:6      | Reached XP level 8. HP: 33/33 MP: 7/14
  6561 | D:6      | Found a bloodstained altar of Trog.
  7172 | D:7      | Reached XP level 9. HP: 25/37 MP: 9/16
  7526 | D:7      | Killed from afar by a steam dragon
  7527 | D:7      | Reached XP level 8. HP: -1/34 MP: 3/15
  7930 | D:7      | Found a glowing golden altar of the Shining One.
  7970 | D:7      | Found a runed translucent door.
  7971 | D:7      | Noticed Crazy Yiuf
  8342 | D:7      | Killed Crazy Yiuf
  8769 | D:8      | Reached skill level 10 in Summonings
  8780 | D:8      | Reached skill level 5 in Unarmed Combat
  8780 | D:8      | Reached XP level 9. HP: 31/37 MP: 10/16
  8854 | D:8      | Noticed a troll
  8878 | D:8      | Killed a troll
  9939 | D:9      | Noticed a komodo dragon
 10084 | D:9      | Reached skill level 10 in Stealth
 10101 | D:9      | Noticed a purple ugly thing
 10101 | D:9      | Noticed a brown ugly thing
 10101 | D:9      | Noticed a kobold demonologist
 10101 | D:9      | Noticed a cyan ugly thing
 10138 | D:8      | Killed a brown ugly thing
 10139 | D:8      | Reached skill level 5 in Dodging
 10139 | D:8      | Reached XP level 10. HP: 30/42 MP: 3/17
 10291 | D:9      | Paralysed by a floating eye for 3 turns
 10339 | D:9      | Noticed a two-headed ogre
 10617 | D:9      | Found a flagged portal.
 10622 | Bailey   | Entered a bailey
 10667 | Bailey   | Reached skill level 10 in Dodging
 10912 | Bailey   | Noticed Prince Ribbit
 10913 | Bailey   | Noticed a vault guard
 10945 | Bailey   | Killed Prince Ribbit
 10949 | Bailey   | Killed a vault guard
 10950 | Bailey   | Reached XP level 11. HP: 31/46 MP: 7/19
 11040 | Bailey   | Noticed a vault guard
 11067 | Bailey   | Killed a vault guard
 11068 | Bailey   | Reached skill level 5 in Spellcasting
 11205 | Bailey   | Gained mutation: Your thick and shaggy fur keeps you warm.
                  | (AC +3, rC+) [Felid growth]
 11205 | Bailey   | Reached XP level 12. HP: 50/50 MP: 20/20
 11206 | Bailey   | Reached skill level 15 in Summonings
 11206 | Bailey   | Reached XP level 13. HP: 54/54 MP: 21/21
 11396 | D:9      | Reached skill level 5 in Fighting
 11545 | D:9      | Found a broken altar of Ashenzari.
 11630 | D:9      | Gained mutation: You are missing a hand. [Ru sacrifice]
 11630 | D:9      | Reached ** piety under Ru
 11630 | D:9      | Reached *** piety under Ru
 11972 | D:9      | Found a staircase to the Lair.
 12111 | D:2      | Bought a +6 ring of intelligence for 468 gold pieces
 12247 | Lair:1   | Entered Level 1 of the Lair of Beasts
 13483 | Lair:2   | Reached skill level 10 in Unarmed Combat
 15302 | Lair:3   | Noticed Kirke
 15319 | Lair:3   | Killed Kirke
 15449 | Lair:3   | Reached XP level 14. HP: 25/58 MP: 20/24
 15679 | Lair:3   | Gained mutation: You occasionally lose the ability to drink
                  | potions when taking damage. [Ru sacrifice]
 15679 | Lair:3   | Gained mutation: You sometimes lose the ability to drink
                  | potions when taking damage. [Ru sacrifice]
 15679 | Lair:3   | Reached **** piety under Ru
 15679 | Lair:3   | Reached ***** piety under Ru
 15728 | Lair:3   | Found a staircase to the Shoals.
 15806 | Lair:3   | Found a staircase to the Snake Pit.
 16224 | Lair:4   | Learned a level 6 spell: Summon Cactus Giant
 16519 | Lair:4   | Found a staircase to the Slime Pits.
 16595 | Lair:4   | HP: 1/58 [oklob plant/splash of acid (32)]
 17855 | Lair:5   | Entered Level 5 of the Lair of Beasts
 18561 | Lair:5   | Reached skill level 15 in Stealth
 19307 | Lair:5   | Learned a level 9 spell: Dragon's Call
 20137 | Lair:5   | Identified the ring of the Enemy {Fly rPois rN+ Will+
                  | Stlth-}
 20140 | Lair:5   | Got the Writings on Frigorific Jinxing
 20630 | D:9      | Found a burning altar of Makhleb.
 20672 | D:9      | Reached skill level 15 in Dodging
 20803 | D:10     | Entered Level 10 of the Dungeon
 21594 | D:10     | Reached XP level 15. HP: 39/61 MP: 19/25
 21718 | D:10     | Identified the ring of Morality {rF+ rC+++ AC+4 Dex-4 SInv}
 21730 | D:10     | Identified the staff of fire "Tukenoer" {rF+ rN+ Str+5
                  | Int-3 Dex+4}
 21864 | D:10     | Found an ancient bone altar of Kikubaaqudgha.
 22574 | D:10     | Found a glowing silver altar of Zin.
 22576 | D:10     | Found a snail-covered altar of Cheibriados.
 23778 | D:12     | Found a staircase to the Orcish Mines.
 23823 | D:12     | Noticed epsilonplus's ghost (journeyman HuFi)
 23830 | D:12     | Found a transporter.
 23831 | D:12     | Found a transporter.
 23835 | D:12     | Found a bloodstained altar of Trog.
 24139 | D:12     | Found a runed translucent door.
 25589 | D:13     | Found a gate to the Vaults.
 25847 | D:14     | Gained mutation: You occasionally lose the ability to read
                  | scrolls when taking damage. [Ru sacrifice]
 25847 | D:14     | Gained mutation: You sometimes lose the ability to read
                  | scrolls when taking damage. [Ru sacrifice]
 25847 | D:14     | Reached ****** piety under Ru
 25978 | D:14     | Succumbed to a meliai's poison
 25979 | D:14     | Reached XP level 14. HP: 0/49 MP: 7/27
 26426 | D:14     | Killed from afar by a fire dragon
 26427 | D:14     | Reached XP level 13. HP: -6/54 MP: 12/26
 26541 | Orc:1    | Entered Level 1 of the Orcish Mines
 26626 | Orc:2    | Entered Level 2 of the Orcish Mines
 26634 | Orc:2    | Noticed Sonja
 26642 | Orc:2    | Killed Sonja
 26742 | Orc:2    | Found a staircase to the Elven Halls.
 26818 | Orc:2    | Reached XP level 14. HP: 30/58 MP: 11/27
 26827 | Orc:2    | Noticed an orc warlord
 26924 | Orc:2    | Killed an orc warlord
 27404 | Orc:2    | Found Pefrirch's General Store.
 27406 | Orc:2    | Found Piurakaq's Magic Scroll Shoppe.
 27426 | Orc:2    | Bought a scroll of blinking for 105 gold pieces
 27426 | Orc:2    | Bought a scroll of teleportation for 42 gold pieces
 27862 | Orc:2    | Found Elailig's CLEARANCE SALE!.
 28560 | Orc:2    | Noticed an orc warlord
 28622 | Orc:2    | Killed an orc warlord
 29402 | Orc:2    | HP: 1/61 [sixfirhy[an orc sorcerer] (9)]
 29402 | Orc:2    | Mangled by a sixfirhy

Illustrated notes

Levels and vault maps discovered:
D:1:      dpeg_arrival_rhombus, layout_basic
D:2:      layout_basic, serial_shops, shop_statue
D:3:      layout_loops_ring, chequers_temple_overflow_statue_of_worship,
          pf_guarded_unrand_meek
D:4:      layout_loops_ring, temple_fountains, st_stairs_12,
          nicolae_shop_gadgets
D:5:      layout_loops_cross, uniq_ijyb, uniq_grinder
D:6:      layout_cave_pools, trog_hazing_becter
D:7:      layout_loops_ring, mainiacjoe_overflow_catwalk,
          hangedman_decor_lopped, uniq_crazy_yiuf_cottage
D:8:      layout_rooms, serial_corexii_hall, corexii_hall_statues_s,
          corexii_hall_statues_l, corexii_hall_statues_x,
          chequers_hall_statues_wall_a, corexii_hall_statues_l,
          corexii_hall_statues_t, hangedman_abyss_or_decor_jellyfish_corner
D:9:      minmay_blocky_corners, layout_basic, mainiacjoe_overflow_chevrons,
          mainiacjoe_overflow_brackets, grunt_lair_entry_orc_guard_hut,
          enter_bailey_3, onia_ninara_cookie
D:10:     minmay_the_grid_octo_tiled_octocenter [minmay_the_grid_octo_horde,
          minmay_the_grid_octo_toaster, minmay_the_grid_octo_fat_diamond,
          minmay_the_grid_octo_chip, minmay_the_grid_octo_prize_single_spiral,
          minmay_the_grid_square_5x5_sharp_hourglass,
          minmay_the_grid_square_5x5_tie, minmay_the_grid_square_5x5_longway,
          minmay_the_grid_square_5x5_trominoes], layout_basic,
          nicolae_overflow_hidden_temple, serial_demonic, serial_demonic_e,
          serial_demonic_d, serial_demonic_b, serial_demonic_b,
          serial_demonic_c, serial_demonic_c, serial_demonic_f, minivault_25_ag
D:11:     layout_cave_pools, special_room [special_room_orc]
D:12:     layout_long_grid, david_orc_4, gammafunk_ghost_wrathful_warriors,
          chequers_serial_rivers_micro_a, minmay_st_funbox
D:13:     layout_big_octagon, grunt_vaults_entry_tiered
D:14:     nzn_winding_woodlands_huge [nzn_winding_woodlands_5x15_pool,
          nzn_winding_woodlands_5x15_pockets,
          nzn_winding_woodlands_5x15_crooked,
          nzn_winding_woodlands_5x15_concentric,
          nzn_winding_woodlands_5x15_zeroes, nzn_winding_woodlands_5x15_default,
          nzn_winding_woodlands_5x15_garden,
          nzn_winding_woodlands_5x15_river_crossing,
          nzn_winding_woodlands_5x15_default, nzn_winding_woodlands_5x15_eye,
          nzn_winding_woodlands_center_lodge,
          nzn_winding_woodlands_center_triple_pond,
          nzn_winding_woodlands_15x15_thick_spiral], layout_long_grid,
          kennysheep_cross_bottleneck
Temple:   nicolae_temple_ecumenical_triangle
Lair:1:   layout_long_grid, serial_bayou_lagoon_b, grunt_megastairs_4
Lair:2:   layout_small_grid, beast_lair_carwin_6
Lair:3:   layout_regular_city, minmay_shoals_entry_centaurs, dummy_snake_entry,
          serial_rivers, chequers_serial_rivers_marsh,
          chequers_serial_rivers_micro_c, chequers_serial_rivers_room_b,
          chequers_serial_rivers_micro_a, chequers_serial_rivers_marsh,
          chequers_serial_rivers_micro_e, uniq_kirke
Lair:4:   layout_long_grid, minmay_slime_entry_oklob_open
Lair:5:   evilmike_catoblepas_cave, layout_cave_shapes, minmay_lindwurm_lava
Orc:1:    layout_diamond_mine, mines2_david
Orc:2:    pf_orc_diabolical, layout_caves, nicolae_shop_clearance, uniq_sonja

Skill      XL: |  1  2  3  4  5  6  7  8  9 10 11 12 13 14 15 |
---------------+----------------------------------------------+-----
Unarmed Combat | 1 2 5 6 10 | 10.0
Summonings     | 5 7 10 11 13 15 18 17 | 18.2
Dodging        | 3 4 5 10 12 15 | 15.0
Stealth        | 3 4 5 8 10 11 13 17 18 | 18.0
Fighting       | 1 2 3 4 5 8 |  8.5
Spellcasting   | 3 4 5 6 8 |  8.9
Evocations     | 1 2 |  2.0
Air Magic      | 1 2 |  2.0

Action                     |  1- 3 |  4- 6 |  7- 9 | 10-12 | 13-15 || total
---------------------------+-------+-------+-------+-------+-------++-------
  Melee: Unarmed           |    35 |    30 |   120 |    67 |   460 ||   712
         Bite              |     6 |     6 |    12 |     2 |    52 ||    78
         Punch             |       |     1 |     6 |     4 |       ||    11
   Cast: Summon Small Mamm |    43 |    22 |    43 |     3 |    18 ||   129
         Call Imp          |    18 |    23 |    34 |     2 |    21 ||    98
         Call Canine Famil |       |    17 |    62 |     8 |   114 ||   201
         Summon Lightning  |       |       |    17 |    14 |   149 ||   180
         Summon Cactus Gia |       |       |       |       |   144 ||   144
 Invoke: Sacrifice an Eye  |       |       |     1 |       |       ||     1
         Draw Out Power    |       |       |       |       |     7 ||     7
         Sacrifice a Hand  |       |       |       |       |     1 ||     1
         Apocalypse        |       |       |       |       |     3 ||     3
         Sacrifice Drink   |       |       |       |       |     1 ||     1
         Reject Sacrifices |       |       |       |       |     1 ||     1
         Sacrifice Words   |       |       |       |       |     1 ||     1
    Use: Scroll            |       |       |       |    21 |     2 ||    23
         Potion            |       |       |       |     2 |     3 ||     5
   Stab: Sleeping          |       |       |     4 |     7 |    27 ||    38
         Distracted        |       |       |     1 |     5 |    18 ||    24
         Invisible         |       |       |       |       |     5 ||     5
         Paralysed         |       |       |       |       |     1 ||     1
 Armour: Skin              |     5 |     4 |    15 |     2 |    24 ||    50
  Dodge: Dodged            |    46 |    29 |   146 |   120 |   637 ||   978

Table legend: (Time is in decaauts)
 A = Elapsed time spent in this place.
 B = Non-inter-level travel time spent in this place.
 C = Inter-level travel time spent in this place.
 D = Time resting spent in this place.
 E = Time spent auto-exploring this place.
 F = Levels seen in this place.
 G = Mean time per level.
                   A        B        C        D        E       F      G
               +--------+--------+--------+--------+--------+-----+--------+
         Total |  26249 |  25318 |    931 |   6178 |  12489 |  23 | 1141.3 |
       Dungeon |  15894 |  15179 |    715 |   3104 |   7903 |  14 | 1135.3 |
        Temple |     64 |     64 |      0 |      0 |     29 |   1 |   64.0 |
          Lair |   7113 |   6902 |    211 |   1838 |   3635 |   5 | 1422.6 |
  Orcish Mines |   2620 |   2615 |      5 |   1011 |    810 |   2 | 1310.0 |
        Bailey |    557 |    557 |      0 |    225 |    110 |   1 |  557.0 |
               +--------+--------+--------+--------+--------+-----+--------+

Top non-repeatable levels by time:
   Orc:2: 2505 daAuts
  Lair:5: 1786 daAuts
    D:10: 1773 daAuts
  Lair:4: 1669 daAuts
     D:9: 1523 daAuts
     D:7: 1506 daAuts
     D:8: 1417 daAuts
  Lair:2: 1342 daAuts
    D:13: 1300 daAuts
     D:6: 1181 daAuts
  Lair:1: 1166 daAuts
  Lair:3: 1149 daAuts
     D:3: 1113 daAuts
     D:4: 1063 daAuts
     D:5: 1055 daAuts
